[Event "Titled Tuesday Blitz August 1 Early 2023"]
[White "Silva Lucena, Cristian"]
[Black "Samaganova, Aleksandra"]
[WhiteFideId "2232588"]
[BlackFideId "13800221"]
[WhiteElo "2394"]
[BlackElo "2246"]
[Result "1-0"]
[Round "3"]
[TimeControl "180+1"]
[Date "2023.08.01"]
[WhiteClock "0:00:14"]
[BlackClock "0:00:02"]
[Board "229"]

1. e4 e6 2. d4 d5 3. e5 c5 4. c3 Nc6 5. Nf3 Qb6 6. a3 Bd7 7. b4 cxd4 8. cxd4 Nge7 9. Bb2 Nf5 10. g4 Nh6 11. Rg1 Be7 12. Nc3 O-O 13. Na4 Qd8 14. Bd3 Rc8 15. Rc1 Bg5 16. Nxg5 Qxg5 17. Nc5 Rc7 18. Qd2 Qh4 19. Qf4 Bc8 20. Qg3 Qe7 21. f4 b6 22. Nb3 Nd8 23. Rxc7 Qxc7 24. f5 exf5 25. gxf5 f6 26. Qh4 Bxf5 27. Be2 Bg6 28. Bc1 Nf5 29. Qh3 Qc2 30. Bd2 Ne6 31. exf6 Rxf6 32. a4 Qb1+ 33. Nc1 Nexd4 34. Bd3 Qa1 35. Rg2 Qxa4 36. Re2 Qd7 37. Qg2 Qf7 38. Re5 Nc6 39. Re2 Ncd4 40. Rf2 Nh4 41. Qg3 Nhf5 42. Qb8+ Qf8 43. Qxa7 Rf7 44. Qxb6 Nf3+ 45. Rxf3 Nh4 46. Rxf7 Bxf7 47. Qf2 Ng6 48. Ne2 Kh8 49. b5 Kg8 50. b6 Qb8 51. Qc5 Ne5 52. Qc7 Nxd3+ 53. Kf1 Qf8 54. b7 Be8+ 55. Bf4 g5 56. b8=Q gxf4 57. Qd6 Qf7 58. Nxf4 d4 59. Qe6 Nxf4 60. Qbxe8+ Kg7 61. Q8xf7+ Kh8 62. Qee8# 1-0


[Site "https://www.chess.com"]

[Event "Titled Tuesday Blitz August 1 Early 2023"]
[White "Palacio,Igor Da Paz"]
[Black "Bazilius, Augustinas"]
[WhiteFideId "2121140"]
[BlackFideId "12832251"]
[WhiteElo "2242"]
[BlackElo "2393"]
[Result "0-1"]
[Round "3"]
[TimeControl "180+1"]
[Date "2023.08.01"]
[WhiteClock "0:00:00"]
[BlackClock "0:00:09"]
[Board "230"]

1. e4 c5 2. Nc3 a6 3. g3 b5 4. Bg2 Bb7 5. d3 e6 6. f4 d6 7. Nf3 Nd7 8. O-O Ngf6 9. h3 Qc7 10. g4 O-O-O 11. Ne2 h6 12. Be3 d5 13. e5 d4 14. exf6 dxe3 15. fxg7 Bxg7 16. Qc1 Nb6 17. Rb1 Nd5 18. c4 Nb4 19. a3 Nxd3 20. Qxe3 Bxb2 21. cxb5 axb5 22. Rfd1 c4 23. Ne1 Bxg2 24. Kxg2 Nxe1+ 25. Rxe1 Rd3 26. Qe4 Bxa3 27. Rxb5 Rd5 28. Rxd5 exd5 29. Qxd5 Qb7 30. Qxb7+ Kxb7 31. Nd4 Rd8 0-1


[Site "https://www.chess.com"]

[Event "Titled Tuesday Blitz August 1 Early 2023"]
[White "Tuleyeva-Aketayeva, Dana"]
[Black "Castella Garcia, Fausto"]
[WhiteFideId "13701932"]
[BlackFideId "3501922"]
[WhiteElo "2238"]
[BlackElo "2393"]
[Result "1/2-1/2"]
[Round "3"]
[TimeControl "180+1"]
[Date "2023.08.01"]
[WhiteClock "0:00:17"]
[BlackClock "0:00:21"]
[Board "231"]

1. d4 Nf6 2. Nf3 g6 3. g3 Bg7 4. Bg2 c5 5. O-O cxd4 6. Nxd4 Nc6 7. Nc3 O-O 8. Be3 Ng4 9. Nxc6 Nxe3 10. Nxd8 Nxd1 11. Nxb7 Nxc3 12. bxc3 Rb8 13. Rab1 Bxc3 14. Rb3 Bf6 15. Rfb1 d6 16. c4 Bf5 17. e4 Be6 18. Bf1 Rfc8 19. Na5 Rxb3 20. Rxb3 Rc5 21. Rb5 Rxb5 22. cxb5 Bxa2 23. Nc6 Bb1 24. Nxa7 Bxe4 25. Bg2 Bxg2 26. Kxg2 Bd4 27. Nc8 Kf8 28. b6 Bxb6 29. Nxb6 e6 30. Kf3 Ke7 31. Ke3 d5 32. Kd4 Kd6 33. Na4 e5+ 34. Kd3 d4 35. Nb2 Kd5 36. f3 f5 37. Nd1 e4+ 38. Ke2 Kc4 39. Nf2 e3 40. Nd3 Kc3 41. Ne5 Kc2 42. h4 h6 43. g4 f4 44. h5 g5 45. Nd3 Kc3 46. Ne5 Kc2 47. Nd3 Kc3 48. Ne1 Kc4 49. Nd3 Kc3 1/2-1/2


[Site "https://www.chess.com"]

[Event "Titled Tuesday Blitz August 1 Early 2023"]
[White "Mika, Tomasz"]
[Black "Daniel_Salinas"]
[WhiteFideId "1132970"]
[WhiteElo "2392"]
[BlackElo "2238"]
[Result "0-1"]
[Round "3"]
[TimeControl "180+1"]
[Date "2023.08.01"]
[WhiteClock "0:00:30"]
[BlackClock "0:01:40"]
[Board "232"]

1. e4 c6 2. d4 d5 3. e5 c5 4. Nf3 cxd4 5. Nxd4 Nc6 6. Bb5 Bd7 7. e6 fxe6 8. O-O Nf6 9. Re1 Nxd4 10. Bxd7+ Qxd7 11. Qxd4 g6 12. Qe5 Kf7 13. Nc3 Bg7 14. Bg5 h6 15. Bh4 g5 16. Bg3 Ne4 17. Qc7 Qxc7 18. Bxc7 Nxc3 0-1


[Site "https://www.chess.com"]

[Event "Titled Tuesday Blitz August 1 Early 2023"]
[White "Sankalan Shah"]
[Black "Hoffmann, Asa"]
[WhiteFideId "25600362"]
[BlackFideId "2001470"]
[WhiteElo "2235"]
[BlackElo "2391"]
[Result "1-0"]
[Round "3"]
[TimeControl "180+1"]
[Date "2023.08.01"]
[WhiteClock "0:00:16"]
[BlackClock "0:00:00"]
[Board "233"]

1. Nf3 d6 2. c4 e5 3. a3 Bg4 4. d3 Nf6 5. Nc3 Nbd7 6. e3 c6 7. Be2 Be7 8. b4 d5 9. cxd5 cxd5 10. Bb2 a5 11. b5 O-O 12. h3 Bh5 13. O-O Re8 14. Qb3 Nc5 15. Qd1 Bf8 16. d4 exd4 17. Nxd4 Bxe2 18. Ncxe2 Nce4 19. Nf4 Bd6 20. Rc1 Bxf4 21. exf4 Rc8 22. Nf3 Qb6 23. a4 Rc4 24. Ne5 Rxc1 25. Qxc1 Qd6 26. Bd4 Qe6 27. Qc7 Qe7 28. Rc1 h6 29. Qxa5 Nh5 30. Rc7 Qe6 31. Rxf7 Nef6 32. Qc7 Rf8 33. Rxf8+ Kxf8 34. Qb8+ Ne8 35. Qxb7 Nxf4 36. Nd7+ Kg8 37. Be3 Ng6 38. Qc6 Qxc6 39. bxc6 Nc7 40. a5 Ne7 41. Bb6 Na8 42. c7 Nc8 43. Kf1 d4 44. Ke2 Kf7 45. Kd3 Ke7 46. Ne5 Naxb6 47. axb6 Nxb6 48. Kxd4 Kd6 49. Nf7+ Kxc7 50. Ke5 Kd7 51. Kf5 Ke7 52. Ne5 Kf8 53. Ng6+ Kf7 54. Ne5+ Kg8 55. f4 Nc8 56. g4 Ne7+ 57. Ke4 Nc8 58. h4 Nd6+ 59. Kd5 Ne8 60. Ke6 Nf6 61. h5 Kf8 62. Ng6+ Ke8 63. Kf5 Ng8 64. Ne5 1-0


[Site "https://www.chess.com"]

[Event "Titled Tuesday Blitz August 1 Early 2023"]
[White "Mishra, Manoj"]
[Black "Mikhalsky, Vladimir"]
[WhiteFideId "5006007"]
[BlackFideId "14144352"]
[WhiteElo "2230"]
[BlackElo "2388"]
[Result "1/2-1/2"]
[Round "3"]
[TimeControl "180+1"]
[Date "2023.08.01"]
[WhiteClock "0:00:12"]
[BlackClock "0:00:08"]
[Board "234"]

1. d4 Nf6 2. Nc3 g6 3. Bf4 d5 4. e3 Bg7 5. h4 h5 6. Nf3 Bg4 7. Be2 Bxf3 8. gxf3 Nbd7 9. e4 c5 10. e5 cxd4 11. exf6 Bxf6 12. Nb5 e5 13. Bg5 Bxg5 14. hxg5 a6 15. Nxd4 exd4 16. Qxd4 O-O 17. O-O-O Qxg5+ 18. Kb1 Rfe8 19. Bd3 Qe5 20. Qh4 Qf6 21. Qh3 Ne5 22. Be2 Rad8 23. Rdg1 d4 24. Qxh5 d3 25. Qh7+ Kf8 26. Bxd3 Nxf3 27. Rg3 Re1+ 28. Rxe1 Nxe1 29. Qh6+ Kg8 30. Qe3 Nxd3 31. cxd3 Qd4 32. Qxd4 Rxd4 33. Kc2 Kg7 34. Kc3 Ra4 35. a3 Kf6 36. Rf3+ Ke6 37. Re3+ Kd6 38. Rf3 f5 39. Rg3 Rf4 40. Rxg6+ Kd5 41. Rg2 b5 42. b3 a5 43. b4 axb4+ 44. axb4 Rf3 45. Rh2 Rf4 46. Rh6 Rxf2 47. Rh8 Rf1 48. Rd8+ Ke5 49. d4+ Ke4 50. Re8+ Kf4 51. d5 Rd1 52. Rd8 Kf3 53. Kc2 Rd4 54. Kc3 Rc4+ 55. Kd3 Rxb4 56. d6 Rb1 57. Kc2 Ra1 58. d7 Ra7 59. Kb3 f4 60. Kb4 Rb7 61. Kc5 Kf2 62. Kc6 Ra7 63. Kb6 Rxd7 64. Rxd7 b4 65. Kc5 b3 66. Kd4 f3 67. Rb7 Kg1 68. Rxb3 f2 69. Rg3+ Kh2 70. Rf3 Kg2 71. Ke3 f1=Q 72. Rxf1 Kxf1 1/2-1/2


[Site "https://www.chess.com"]

[Event "Titled Tuesday Blitz August 1 Early 2023"]
[White "Namitbir Singh Walia"]
[Black "alfianasybullina"]
[WhiteFideId "35071068"]
[WhiteElo "2388"]
[BlackElo "2224"]
[Result "1-0"]
[Round "3"]
[TimeControl "180+1"]
[Date "2023.08.01"]
[WhiteClock "0:00:32"]
[BlackClock "0:00:06"]
[Board "235"]

1. e4 e6 2. d4 d5 3. Nd2 c5 4. exd5 Qxd5 5. dxc5 Bxc5 6. Ngf3 Nf6 7. Bd3 O-O 8. Qe2 Nc6 9. Ne4 Be7 10. Bg5 Nd4 11. Nxd4 Qxd4 12. O-O-O Qe5 13. f4 Qa5 14. Nxf6+ Bxf6 15. Bxf6 gxf6 16. Kb1 Kh8 17. Rhf1 f5 18. Rf3 Rg8 19. Rh3 Bd7 20. g4 Rxg4 21. Rxh7+ Kg8 22. Rh5 Qb4 23. Qe5 Rg7 24. Qf6 Bc6 25. Qh6 Kf8 26. Rg5 Qd4 27. Qh8+ Ke7 28. Qxg7 1-0


[Site "https://www.chess.com"]

[Event "Titled Tuesday Blitz August 1 Early 2023"]
[White "Liu, Leonardo"]
[Black "Gombocz, Ferenc Jr."]
[WhiteFideId "30965780"]
[BlackFideId "775029"]
[WhiteElo "2216"]
[BlackElo "2387"]
[Result "0-1"]
[Round "3"]
[TimeControl "180+1"]
[Date "2023.08.01"]
[WhiteClock "0:02:12"]
[BlackClock "0:01:51"]
[Board "236"]

1. e4 e5 2. Nf3 Nc6 3. Bc4 Nf6 4. d3 Be7 5. c3 O-O 6. Bb3 d5 7. Qe2 dxe4 8. dxe4 Na5 9. Bc2 Nc6 10. Nbd2 Be6 11. O-O h6 12. h3 a5 13. Rd1 Qc8 14. Nf1 Bc5 15. Ng3 Rd8 16. Rxd8+ Qxd8 17. Nh4 Qf8 18. Qf3 Be7 19. Ngf5 Rd8 20. Nxe7+ Qxe7 21. Qg3 Nh5 22. Qf3 Qxh4 0-1


[Site "https://www.chess.com"]

[Event "Titled Tuesday Blitz August 1 Early 2023"]
[White "Tagliata"]
[Black "jimmy-schlumpf"]
[WhiteElo "2205"]
[BlackElo "2384"]
[Result "0-1"]
[Round "3"]
[TimeControl "180+1"]
[Date "2023.08.01"]
[WhiteClock "0:01:12"]
[BlackClock "0:01:14"]
[Board "237"]

1. e4 Nf6 2. e5 Nd5 3. Nf3 d6 4. exd6 cxd6 5. d4 g6 6. Bd3 Bg7 7. h3 O-O 8. O-O Nc6 9. c3 h6 10. Nbd2 e5 11. dxe5 dxe5 12. Nc4 Re8 13. Re1 f5 14. Ne3 Be6 15. Bc4 Nxe3 16. Bxe6+ Rxe6 17. Bxe3 Qc7 18. Qb3 Qf7 19. Rad1 Rae8 20. Qd5 R6e7 21. Qxf7+ Kxf7 22. Bc5 Rc7 23. Bd6 Rd7 24. Bc5 Red8 25. Rxd7+ Rxd7 26. Kf1 e4 27. Nd4 Nxd4 28. Bxd4 Bxd4 29. cxd4 Rxd4 30. Ke2 Ke6 31. Rc1 Kd7 32. Rc3 b5 33. Rc5 a6 34. g4 Rc4 35. Rd5+ Ke6 36. Rd2 f4 37. b3 Rc1 38. Rd4 Ke5 39. Rd2 f3+ 0-1


[Site "https://www.chess.com"]

[Event "Titled Tuesday Blitz August 1 Early 2023"]
[White "Kuchava, Ana"]
[Black "Eggleston, Thomas A"]
[WhiteFideId "13605348"]
[BlackFideId "412139"]
[WhiteElo "2200"]
[BlackElo "2378"]
[Result "0-1"]
[Round "3"]
[TimeControl "180+1"]
[Date "2023.08.01"]
[WhiteClock "0:00:00"]
[BlackClock "0:00:16"]
[Board "238"]

1. d4 e6 2. Nf3 f5 3. Nc3 Nf6 4. Bg5 Bb4 5. Qd3 Bxc3+ 6. Qxc3 O-O 7. O-O-O a5 8. h3 b5 9. g4 b4 10. Qd2 f4 11. Qxf4 a4 12. e4 Qe8 13. Bxf6 Rxf6 14. Qe3 b3 15. cxb3 axb3 16. Qxb3 Nc6 17. g5 Rf8 18. Be2 Ba6 19. Bxa6 Rxa6 20. d5 Rb6 21. Qe3 Nb4 22. a3 Qa8 23. axb4 Qa1+ 24. Kc2 Qa4+ 25. Kd2 Rxb4 26. Rhe1 Rb3 27. Qd4 Qa5+ 28. Ke2 Rbxf3 29. Rf1 Qb5+ 30. Ke1 c5 31. dxc6 dxc6 32. Qd6 Qxb2 33. Qxe6+ Kh8 0-1


[Site "https://www.chess.com"]

[Event "Titled Tuesday Blitz August 1 Early 2023"]
[White "De Souza, Cristiano Gomes"]
[Black "Davletbayeva, Madina"]
[WhiteFideId "2151758"]
[BlackFideId "13703595"]
[WhiteElo "2193"]
[BlackElo "2378"]
[Result "1-0"]
[Round "3"]
[TimeControl "180+1"]
[Date "2023.08.01"]
[WhiteClock "0:00:12"]
[BlackClock "0:00:21"]
[Board "239"]

1. d4 Nf6 2. c4 e6 3. Nf3 Bb4+ 4. Bd2 Qe7 5. Nc3 O-O 6. g3 Bxc3 7. Bxc3 Ne4 8. Rc1 d6 9. Bg2 f5 10. O-O Nd7 11. b3 Nxc3 12. Rxc3 Nf6 13. Nd2 e5 14. dxe5 dxe5 15. Qc2 c6 16. Rd1 Be6 17. Nf3 Qc5 18. e3 Rae8 19. Qb2 a5 20. Rc2 Bc8 21. a3 f4 22. exf4 exf4 23. b4 axb4 24. axb4 Qh5 25. Re1 Bg4 26. Ne5 Bh3 27. Rce2 Bxg2 28. Kxg2 Ng4 29. Nxg4 f3+ 30. Kg1 fxe2 31. Ne3 Qf7 32. Qxe2 Re4 33. Rf1 h6 34. Qd3 Re6 35. f4 Rfe8 36. Ng4 Qe7 37. Ne5 Qxb4 38. Kg2 Qc5 39. Rb1 Rd6 40. Qf5 Rd2+ 41. Kh3 Qe7 42. Qg6 Rd6 43. Qg4 Rf6 44. Rd1 Qf8 45. Nd7 Qf7 46. Nxf6+ Qxf6 47. Rd7 Rf8 48. Rxb7 Qf5 49. Rc7 Qxg4+ 50. Kxg4 Rf6 51. Kf3 Re6 52. f5 Rd6 53. Ke4 Kf8 54. Ke5 Rf6 55. g4 Ke8 56. h4 Kf8 57. g5 hxg5 58. hxg5 Rf7 59. Rxf7+ Kxf7 60. Kd6 c5 61. Kxc5 Ke7 62. Kd5 Kd7 63. c5 Kc7 64. c6 Kd8 65. Kd6 Kc8 66. c7 g6 67. fxg6 Kb7 68. Kd7 Ka7 69. c8=Q Kb6 70. Qc7+ Kb5 71. g7 Kb4 72. g8=Q Kb5 73. Qgc4# 1-0


[Site "https://www.chess.com"]

[Event "Titled Tuesday Blitz August 1 Early 2023"]
[White "Luxama, Jacques Muller"]
[Black "Luong Phuong Hanh"]
[WhiteFideId "11900113"]
[BlackFideId "12401013"]
[WhiteElo "2180"]
[BlackElo "2371"]
[Result "1-0"]
[Round "3"]
[TimeControl "180+1"]
[Date "2023.08.01"]
[WhiteClock "0:00:32"]
[BlackClock "0:00:12"]
[Board "241"]

1. e4 c5 2. Nf3 e6 3. d4 cxd4 4. Nxd4 a6 5. Nc3 Qc7 6. a3 b6 7. Bd3 Bb7 8. O-O Bc5 9. Nb3 Be7 10. Be3 d6 11. f4 Nd7 12. Qf3 Ngf6 13. h3 O-O 14. Rae1 Rac8 15. Qg3 Kh8 16. Bd4 Nc5 17. e5 dxe5 18. Bxe5 Qc6 19. Nxc5 Qxc5+ 20. Kh2 b5 21. Ne4 Bxe4 22. Bxe4 Rg8 23. Bd3 Nd7 24. Bc3 Bf6 25. Bxf6 Nxf6 26. f5 exf5 27. Rxf5 Qc7 28. Ree5 Rce8 29. Kh1 Rxe5 30. Rxe5 h6 31. Qe3 Rd8 32. Re7 Qb8 33. Rxf7 Rf8 34. Re7 Qd6 35. Re6 Qd5 36. Kh2 Qh5 37. Qg3 Qf7 38. Rc6 Qd7 39. Rc7 Qxc7 40. Qxc7 Re8 41. Qc6 Re7 42. Qxa6 Re8 43. Qxb5 Rd8 44. Qf5 Kg8 45. a4 Rb8 46. b3 Rd8 47. a5 Kf7 48. a6 Ra8 49. Qb5 Ra7 50. Qb6 Re7 51. a7 Nd5 52. Bc4 1-0


[Site "https://www.chess.com"]

[Event "Titled Tuesday Blitz August 1 Early 2023"]
[White "Foerster-Yialamas, Lucas"]
[Black "Hon, Eric"]
[WhiteFideId "30901774"]
[BlackFideId "2097117"]
[WhiteElo "2370"]
[BlackElo "2171"]
[Result "1-0"]
[Round "3"]
[TimeControl "180+1"]
[Date "2023.08.01"]
[WhiteClock "0:00:11"]
[BlackClock "0:00:08"]
[Board "242"]

1. e4 c5 2. Nf3 d6 3. d4 cxd4 4. Nxd4 Nf6 5. f3 Nc6 6. c4 e5 7. Nb5 a6 8. N5c3 Be6 9. Bg5 Nd4 10. Ne2 Nc6 11. Ng3 h6 12. Be3 Be7 13. Nc3 O-O 14. Qd2 Nd4 15. Bxd4 exd4 16. Qxd4 Rc8 17. Nf5 Bxf5 18. exf5 d5 19. cxd5 Bc5 20. Qd3 Re8+ 21. Be2 Bb4 22. d6 Qxd6 23. Qxd6 Bxd6 24. O-O-O Bf4+ 25. Kb1 Rxc3 26. bxc3 Rxe2 27. g3 Bc7 28. Rde1 Rf2 29. Ref1 Rg2 30. Rfg1 Rd2 31. Rd1 Rd6 32. Rxd6 Bxd6 33. Kc2 Kf8 34. c4 Bc5 35. Rb1 b6 36. Kd3 Ke7 37. g4 Kd6 38. h4 Nd7 39. f4 Kc6 40. g5 Bf2 41. h5 Bh4 42. Rg1 Bf2 43. f6 hxg5 44. Rxg5 gxf6 45. Rf5 Nc5+ 46. Rxc5+ bxc5 47. f5 1-0


[Site "https://www.chess.com"]

[Event "Titled Tuesday Blitz August 1 Early 2023"]
[White "Rodriguez Santiago, Jaime"]
[Black "Da Matta, Eduardo Cesar"]
[WhiteFideId "3100898"]
[BlackFideId "2193108"]
[WhiteElo "2367"]
[BlackElo "2170"]
[Result "1-0"]
[Round "3"]
[TimeControl "180+1"]
[Date "2023.08.01"]
[WhiteClock "0:00:08"]
[BlackClock "0:00:04"]
[Board "243"]

1. c4 c5 2. Nc3 Nc6 3. g3 g6 4. Bg2 Bg7 5. e4 d6 6. Nge2 e6 7. d3 Nge7 8. Be3 Nd4 9. Rb1 a5 10. a3 O-O 11. O-O Nec6 12. f4 f5 13. h3 Rb8 14. Nb5 Nxb5 15. cxb5 Nd4 16. b4 axb4 17. axb4 b6 18. Nxd4 cxd4 19. Bf2 Bb7 20. Qb3 Qe7 21. exf5 Bxg2 22. Kxg2 gxf5 23. Rfe1 Rbe8 24. Rbc1 Kh8 25. Rc6 e5 26. Bxd4 Qb7 27. fxe5 dxe5 28. Bxb6 f4 29. Qd5 fxg3 30. Kxg3 Qe7 31. Be3 Qxb4 32. Re2 Rd8 33. Qe4 Qxb5 34. Kh2 Rxd3 35. Rg2 Rxe3 36. Qg4 Qb7 37. Rd6 Rg8 38. Rd7 Qe4 39. Qxg7+ Rxg7 40. Rd8+ Rg8 41. Rdxg8# 1-0


[Site "https://www.chess.com"]

[Event "Titled Tuesday Blitz August 1 Early 2023"]
[White "LionKing2367890"]
[Black "Shapiro, Daniel"]
[BlackFideId "2001780"]
[WhiteElo "2161"]
[BlackElo "2365"]
[Result "1-0"]
[Round "3"]
[TimeControl "180+1"]
[Date "2023.08.01"]
[WhiteClock "0:00:36"]
[BlackClock "0:00:16"]
[Board "244"]

1. e4 c5 2. Nf3 d6 3. d4 cxd4 4. Nxd4 Nf6 5. f3 Nc6 6. c4 e6 7. Nc3 Be7 8. Be3 a6 9. Be2 O-O 10. O-O Bd7 11. Qd2 Qc7 12. Rac1 Ne5 13. b3 Rac8 14. Rfd1 Qb8 15. h3 Rfd8 16. f4 Ng6 17. g4 d5 18. cxd5 exd5 19. e5 Ne4 20. Nxe4 dxe4 21. Rxc8 Bxc8 22. Qc2 h5 23. gxh5 Nh4 24. Qxe4 Bxh3 25. f5 Bg2 26. Qf4 Bd5 27. f6 gxf6 28. Qxh4 Qxe5 29. Qf4 Kh8 30. Nf5 Rg8+ 31. Kf1 Bg2+ 32. Kf2 Bf8 33. Qxe5 fxe5 34. Rd7 f6 35. Ne7 Rg7 36. Ng6+ 1-0


[Site "https://www.chess.com"]

[Event "Titled Tuesday Blitz August 1 Early 2023"]
[White "Lopez Gracia, Fernando"]
[Black "sterpfi"]
[WhiteFideId "2207184"]
[WhiteElo "2361"]
[BlackElo "2160"]
[Result "1-0"]
[Round "3"]
[TimeControl "180+1"]
[Date "2023.08.01"]
[WhiteClock "0:02:25"]
[BlackClock "0:01:00"]
[Board "245"]

1. e4 c6 2. d4 d5 3. e5 c5 4. dxc5 e6 5. c3 Bxc5 6. Qg4 Ne7 7. b4 Bb6 8. Qxg7 Rg8 9. Qxh7 Nbc6 10. Nf3 Qc7 11. Bf4 Bd7 12. Na3 a6 13. Qd3 O-O-O 14. g3 Kb8 15. Rb1 Be8 16. b5 Na5 17. bxa6 bxa6 18. Qxa6 Qxc3+ 19. Bd2 Qxf3 20. Rxb6+ Kc7 21. Qa7+ Kc8 22. Ba6+ Nb7 23. Qxb7# 1-0


[Site "https://www.chess.com"]

[Event "Titled Tuesday Blitz August 1 Early 2023"]
[White "Akylbek2021"]
[Black "Mirzanurov, Bulat"]
[BlackFideId "4184521"]
[WhiteElo "2360"]
[BlackElo "2158"]
[Result "1-0"]
[Round "3"]
[TimeControl "180+1"]
[Date "2023.08.01"]
[WhiteClock "0:00:13"]
[BlackClock "0:00:23"]
[Board "246"]

1. d4 d5 2. c4 e6 3. Nf3 Nf6 4. g3 dxc4 5. Bg2 a6 6. Ne5 Bb4+ 7. Bd2 Qxd4 8. Bxb4 Qxe5 9. O-O c5 10. Bc3 Qc7 11. Bxf6 gxf6 12. Qc2 Nc6 13. Qxc4 Ne5 14. Qh4 Qe7 15. Nc3 f5 16. Qa4+ Bd7 17. Qb3 Bc6 18. Bxc6+ Nxc6 19. Rfd1 h5 20. h4 Rg8 21. Kh2 Rd8 22. Rxd8+ Nxd8 23. Rd1 Nc6 24. e3 Kf8 25. Ne2 Kg7 26. Nf4 Kh6 27. Qc2 Ne5 28. Qe2 Ng4+ 29. Kg2 Rd8 30. Rd3 Rd6 31. b3 Qd8 32. a4 Rxd3 33. Nxd3 Qd6 34. Qc2 b6 35. a5 bxa5 36. Nxc5 Qd5+ 37. Kg1 Qf3 38. Nd3 Nxe3 39. fxe3 Qxg3+ 40. Kf1 Qxe3 41. Nf2 f4 42. Qe2 Qc1+ 43. Qe1 Qxe1+ 44. Kxe1 Kg6 45. Ke2 Kf5 46. Kf3 e5 47. Ne4 f6 48. Nc5 Kg6 49. Ke4 f5+ 50. Kxe5 f3 51. Nd3 a4 52. bxa4 a5 53. Nf4+ Kf7 54. Nxh5 f2 55. Ng3 Kg6 56. Nf1 Kh5 57. Kxf5 Kxh4 58. Kf4 Kh3 59. Kf3 Kh4 60. Kxf2 Kg5 61. Nd2 Kf6 62. Nc4 Ke6 63. Nxa5 Kd5 64. Nb3 Kc4 65. a5 Kxb3 66. a6 Kb4 67. a7 Kb5 68. a8=Q Kb6 69. Qd5 Kc7 70. Ke3 Kc8 71. Kd4 Kc7 72. Qe6 Kb8 73. Qd7 Ka8 74. Kc5 Kb8 75. Kb6 Ka8 76. Qd8# 1-0


[Site "https://www.chess.com"]

[Event "Titled Tuesday Blitz August 1 Early 2023"]
[White "Gomes, Luiz Alexandre de Souza"]
[Black "Butti, Enrique"]
[WhiteFideId "2102790"]
[BlackFideId "3700470"]
[WhiteElo "2357"]
[BlackElo "2158"]
[Result "0-1"]
[Round "3"]
[TimeControl "180+1"]
[Date "2023.08.01"]
[WhiteClock "0:00:00"]
[BlackClock "0:00:15"]
[Board "247"]

1. e4 c5 2. Nf3 d6 3. d4 cxd4 4. Nxd4 Nf6 5. Nc3 a6 6. Rg1 Nc6 7. Nb3 h5 8. h3 h4 9. Be3 e6 10. Qd2 Be7 11. f4 b5 12. Bd3 Bb7 13. O-O-O Rc8 14. Kb1 Na5 15. Qf2 Nc4 16. Bc1 b4 17. Na4 Nxe4 18. Qa7 Bd5 19. Qxa6 O-O 20. Rge1 Nf6 21. f5 Qc7 22. fxe6 fxe6 23. Nd4 Ra8 24. Nb5 Qd7 25. Nb6 Qc6 26. Na7 Qxb6 27. Bxc4 Qxa6 28. Bxa6 Rxa7 29. Rxd5 Nxd5 30. Bc4 Nc7 31. Be3 Rb7 32. Bb3 Bf6 33. Rd1 d5 34. Bc5 Rd8 35. a3 bxa3 36. Bxa3 e5 37. Rf1 Kh8 38. Rf5 e4 39. Bc5 Kg8 40. Bf2 Kf7 41. Bxh4 Kg6 42. Bxf6 gxf6 43. Rf1 f5 44. g3 d4 45. h4 d3 0-1


[Site "https://www.chess.com"]

[Event "Titled Tuesday Blitz August 1 Early 2023"]
[White "zano2023"]
[Black "Lopez Del Alamo, Antonio"]
[BlackFideId "2227339"]
[WhiteElo "2147"]
[BlackElo "2355"]
[Result "0-1"]
[Round "3"]
[TimeControl "180+1"]
[Date "2023.08.01"]
[WhiteClock "0:00:03"]
[BlackClock "0:00:22"]
[Board "248"]

1. c4 Nf6 2. Nc3 g6 3. d4 Bg7 4. e4 O-O 5. e5 Ne8 6. g3 d6 7. exd6 cxd6 8. Bg2 Nc6 9. Nge2 Bg4 10. Be3 Nc7 11. O-O e5 12. Qd2 Qf6 13. Ne4 Qd8 14. d5 Bxe2 15. Qxe2 Nd4 16. Qd2 b5 17. b3 bxc4 18. bxc4 Na6 19. Bh6 Nc5 20. Bxg7 Nxe4 21. Bxe4 Kxg7 22. f4 f5 23. fxe5 dxe5 24. Bg2 Qb6 25. Kh1 Qc5 26. Qe3 Rae8 27. Rac1 h5 28. Rf2 h4 29. gxh4 Rh8 30. Qg5 Rh5 31. Qe3 Rxh4 32. Rb2 Reh8 33. Rb7+ Kf6 34. Qg3 Rxh2+ 35. Qxh2 Rxh2+ 36. Kxh2 e4 37. Rcb1 Ne2 38. R1b4 Qf2 39. Kh3 Qg3# 0-1


[Site "https://www.chess.com"]

[Event "Titled Tuesday Blitz August 1 Early 2023"]
[White "Jegorovas, Aleksandras"]
[Black "Johnson, Ben"]
[WhiteFideId "12801950"]
[BlackFideId "2010917"]
[WhiteElo "2350"]
[BlackElo "2129"]
[Result "1/2-1/2"]
[Round "3"]
[TimeControl "180+1"]
[Date "2023.08.01"]
[WhiteClock "0:00:48"]
[BlackClock "0:00:03"]
[Board "249"]

1. d4 Nf6 2. Bf4 d5 3. Nf3 e6 4. e3 Bd6 5. Bg3 O-O 6. Nbd2 c5 7. c3 Qc7 8. Ne5 Nbd7 9. f4 cxd4 10. exd4 Ne4 11. Nxe4 dxe4 12. Be2 f6 13. Nc4 f5 14. Ne3 Nf6 15. O-O b6 16. c4 Bb7 17. Rc1 Rfd8 18. a3 a5 19. Qb3 a4 20. Qa2 Qf7 21. c5 Bc7 22. c6 Ba6 23. Bc4 Bxc4 24. Qxc4 Nd5 25. Nxd5 Rxd5 26. Rfd1 h6 27. Qb4 g5 28. fxg5 f4 29. Rf1 Rxg5 30. Rce1 Qg6 31. Bxf4 Rxg2+ 32. Kh1 Bxf4 33. Rg1 Rxg1+ 34. Rxg1 Bg5 35. c7 Qf7 36. h4 Qf3+ 37. Rg2 Qh3+ 38. Kg1 Qxh4 39. Qe7 Qe1+ 40. Kh2 Qh4+ 41. Kg1 Qe1+ 42. Kh2 Qh4+ 43. Kg1 1/2-1/2


[Site "https://www.chess.com"]

[Event "Titled Tuesday Blitz August 1 Early 2023"]
[White "Yonal, Timur"]
[Black "Larina, Maria"]
[WhiteFideId "44115725"]
[BlackFideId "24113182"]
[WhiteElo "2350"]
[BlackElo "2119"]
[Result "0-1"]
[Round "3"]
[TimeControl "180+1"]
[Date "2023.08.01"]
[WhiteClock "0:00:13"]
[BlackClock "0:00:35"]
[Board "250"]

1. e3 f5 2. d4 Nf6 3. c4 d6 4. Nc3 g6 5. Bd3 Bg7 6. Nge2 O-O 7. f3 Nc6 8. Qc2 Nb4 9. Qb1 Nxd3+ 10. Qxd3 e5 11. d5 e4 12. fxe4 fxe4 13. Nxe4 Ng4 14. N2g3 Qh4 15. Bd2 Bxb2 16. Rb1 Be5 17. Ke2 Nxh2 18. Bc3 Bxg3 19. Nxg3 Qxg3 20. Qd4 Rf2+ 21. Kd3 Bf5+ 22. Qe4 Bxe4+ 23. Kxe4 Re8+ 24. Kd3 Qxe3# 0-1


[Site "https://www.chess.com"]

[Event "Titled Tuesday Blitz August 1 Early 2023"]
[White "Hrbek, Stepan"]
[Black "Floresvillar Gonzalez, Luis Migu"]
[WhiteFideId "393479"]
[BlackFideId "5100542"]
[WhiteElo "2349"]
[BlackElo "2114"]
[Result "1/2-1/2"]
[Round "3"]
[TimeControl "180+1"]
[Date "2023.08.01"]
[WhiteClock "0:00:20"]
[BlackClock "0:00:15"]
[Board "251"]

1. e4 c6 2. d4 d5 3. exd5 cxd5 4. Bd3 Nc6 5. c3 Qc7 6. h3 Nf6 7. Nf3 g6 8. O-O Bg7 9. Be3 Ne4 10. c4 Nf6 11. Nc3 dxc4 12. Bxc4 O-O 13. Qe2 e6 14. Rac1 a6 15. Rfd1 Rd8 16. d5 exd5 17. Nxd5 Nxd5 18. Bxd5 Bd7 19. Qc4 Be8 20. Nd4 Qd6 21. Nxc6 bxc6 22. Bxf7+ Bxf7 23. Rxd6 Bxc4 24. Rxd8+ Rxd8 25. Rxc4 Bxb2 26. Rxc6 a5 27. Rc4 Rd1+ 28. Kh2 Rd5 29. Rc5 Rxc5 30. Bxc5 a4 31. Kg3 Kf7 32. Kf3 Ke6 33. Ke4 h5 34. g4 hxg4 35. hxg4 Bc1 36. Bd4 Bd2 37. f4 Bc1 38. f5+ gxf5+ 39. gxf5+ Kf7 40. Kd3 Bf4 41. Kc4 Bd6 42. Kb5 a3 43. Bc5 Bxc5 44. Kxc5 Kf6 45. Kb4 Kxf5 46. Kxa3 Ke6 47. Kb4 Kd7 48. a3 Kc7 49. a4 Kb7 50. Kb3 Ka6 51. Ka3 Ka5 52. Kb2 Ka6 53. Ka2 Ka5 54. Ka3 Ka6 55. Kb3 Ka5 56. Ka3 Ka6 57. Kb3 Ka5 58. Ka3 1/2-1/2


[Site "https://www.chess.com"]